 Dungeon Crawl Stone Soup version 0.21.1-1-g345015f (webtiles) character file.

635 teukkam the Skirmisher (level 7, -7/66 HPs)
             Began as a Minotaur Berserker on Feb 19, 2018.
             Was a Priest of Trog.
             Shot with an arrow by a centaur (8 damage)
             ... on level 7 of the Dungeon.
             The game lasted 00:11:28 (3607 turns).

teukkam the Skirmisher (Minotaur Berserker)         Turns: 3607, Time: 00:11:29

Health: -7/66      AC:  5    Str: 24      XL:     7   Next: 25%
Magic:  6/6        EV: 11    Int:  5 (6)  God:    Trog [***...]
Gold:   195        SH:  0    Dex:  9      Spells: 6/6 levels left

rFire    . . .     SeeInvis .   y - +3 spear "Ofam" {speed, Int+2}
rCold    + . .     Gourm    .   (no shield)
rNeg     . . .     Faith    .   i - +0 ring mail
rPois    .         Spirit   .   (helmet restricted)
rElec    .         Reflect  .   (no cloak)
rCorr    .         Harm     .   (no gloves)
MR       .....                  (no boots)
Stlth    ..........             (no amulet)
HPRegen  0.21/turn              h - ring of protection from cold
MPRegen  0.10/turn              r - ring of wizardry

@: no status effects
A: retaliatory headbutt, horns 2
a: Berserk, Trog's Hand, Burn Spellbooks, Renounce Religion


You were on level 7 of the Dungeon.
You worshipped Trog.
Trog was most pleased with you.
You were not hungry.

You visited 1 branch of the dungeon, and saw 7 of its levels.

You collected 195 gold pieces.

Inventory:

Hand Weapons
 a - a +0 hand axe
 y - the +3 spear "Ofam" (weapon) {speed, Int+2}
   (You found it on level 4 of the Dungeon)

   Attacks with this weapon are significantly faster.
   It affects your intelligence (+2).
 C - a +1 dagger of freezing
Armour
 i - a +0 ring mail (worn)
Jewellery
 b - an uncursed ring of protection from cold
 d - an uncursed ring of fire
 h - a ring of protection from cold (left hand)
 n - an uncursed ring of fire
 r - a ring of wizardry (right hand)
 A - an uncursed ring of magical power {unknown}
Scrolls
 e - a scroll of random uselessness {unknown}
 g - 2 scrolls of magic mapping
 j - a scroll of remove curse
 k - 2 scrolls of noise {unknown}
 l - 2 scrolls of fog {unknown}
 m - a scroll of identify
 t - a scroll of teleportation {unknown}
 w - a scroll of fear {unknown}
 z - 2 scrolls of immolation
Potions
 f - a potion of lignification
 o - a potion of mutation {unknown}
 p - a potion of ambrosia {unknown}
 q - 2 potions of curing
 s - 2 potions of haste {unknown}
 u - a potion of magic {unknown}
 v - 2 potions of cancellation {unknown}
 x - a potion of heal wounds {unknown}
Comestibles
 c - 7 rations
 B - 3 chunks of flesh


   Skills:
 + Level 7.4 Fighting
 - Level 6.6(7.0) Axes
 + Level 3.4(5.4) Polearms
 - Level 2.5 Armour
 - Level 2.5 Dodging


You had 6 spell levels left.
You didn't know any spells.

Dungeon Overview and Level Annotations

Branches:
Dungeon (7/15)
 Temple: D:4-7

Altars:
Ashenzari
Qazlal
Xom

Annotations:
D:7 1 transporter


Innate Abilities, Weirdness & Mutations

You reflexively headbutt those who attack you in melee.
You have a pair of horns on your head.


Message History

You eat one of the 4 chunks of flesh.
This raw flesh tastes terrible.
You recover from your berserk rage.
You start resting.
A centaur comes into view.
The centaur shouts!
The centaur wields a shortbow.
The centaur shoots an arrow.
The arrow hits you!
You see here an arrow.
The centaur shoots an arrow.
The arrow hits you.
* * * LOW HITPOINT WARNING * * *
The centaur shoots an arrow.
The arrow hits you!
* * * LOW HITPOINT WARNING * * *
Things that are here:
2 arrows; a flail; a bullfrog corpse A worker ant comes into view.
The worker ant twitches its antennae in your direction.
The centaur shoots an arrow.
The arrow hits you!
* * * LOW HITPOINT WARNING * * *
Items here: ( )) ††† The centaur shoots an arrow.
The arrow hits you!
You die...

%.......#.#.#
.......8#...
...©...##..#
########...####
..............
#........# #......<#
#...<.†.##########.#
(........c.@((([.......
##########..########...
..[..... ####.#### a..
.... ...... ...._..


You could see a centaur and a worker ant.

Vanquished Creatures
  2 ogres
  A bullfrog (D:7)
  A scorpion (D:4)
  A centaur zombie (D:6)
  2 orc priests
  A hound (D:4)
  A jelly (D:7)
  2 orc wizards
  A worker ant (D:4)
  7 adders
  2 dart slugs (D:1)
  A leopard gecko (D:4)
  6 orcs
  3 giant cockroaches
  3 goblins
  11 hobgoblins
  13 jackals
  6 kobolds (D:1)
  2 quokkas
  A bat (D:2)
  2 frilled lizards
  5 rats
74 creatures vanquished.

Notes
Turn   | Place    | Note
-------+----------+-------------------------------------------
     0 | D:1      | teukkam the Minotaur Berserker began the quest for the Orb.
     0 | D:1      | Reached XP level 1. HP: 19/19 MP: 0/0
    68 | D:1      | Reached XP level 2. HP: 20/27 MP: 1/1
   167 | D:1      | Reached skill level 4 in Fighting
   538 | D:2      | Reached ** piety under Trog
   538 | D:2      | Reached XP level 3. HP: 30/33 MP: 2/2
  1469 | D:3      | Reached skill level 5 in Axes
  1469 | D:3      | Reached XP level 4. HP: 38/41 MP: 3/3
  1755 | D:3      | Found a shattered altar of Ashenzari.
  2321 | D:3      | Reached skill level 5 in Fighting
  2576 | D:4      | Reached XP level 5. HP: 17/48 MP: 4/4
  2955 | D:4      | Found a shimmering altar of Xom.
  2956 | D:4      | Found a shimmering altar of Xom.
  3035 | D:4      | Noticed an ogre
  3039 | D:4      | Reached skill level 6 in Fighting
  3039 | D:4      | Reached XP level 6. HP: 53/57 MP: 5/5
  3072 | D:4      | Got a jewelled spear
  3073 | D:4      | Identified the cursed +3 spear "Ofam" {speed, Int+2} (You found it on level 4 of the Dungeon)
  3440 | D:5      | Entered Level 5 of the Dungeon
  3528 | D:6      | Reached skill level 1 in Polearms
  3554 | D:7      | Found a transporter.
  3559 | D:7      | Found a stormy altar of Qazlal.
  3567 | D:7      | Reached skill level 7 in Fighting
  3570 | D:7      | Reached *** piety under Trog
  3570 | D:7      | Reached XP level 7. HP: 29/66 MP: 6/6
  3606 | D:7      | HP: 1/66 [centaur/arrow (9)]
  3607 | D:7      | Shot with an arrow by a centaur

Skill      XL: |  1  2  3  4  5  6  7 |
---------------+----------------------+-----
Axes           | 4 5 6 |  6.6
Fighting       | 4 5 6 7 |  7.4
Polearms       | 2 3 |  3.4
Armour         | |  2.5
Dodging        | |  2.5

Action                   |  1- 3 |  4- 6 |  7- 9 || total
-------------------------+-------+-------+-------++-------
Melee: Hand axe          |    79 |    60 |       ||   139
       Headbutt          |    12 |    16 |     1 ||    29
       Spear             |       |    25 |    10 ||    35
Invok: Berserk           |       |     2 |       ||     2
       Burn Spellbooks   |       |     1 |       ||     1
  Use: Scroll            |     3 |     2 |       ||     5
       Potion            |       |     2 |     1 ||     3
  Eat: Ration            |     1 |     1 |       ||     2
       Chunk             |       |     3 |     1 ||     4
Armor: Animal skin       |    12 |     5 |       ||    17
       Skin              |       |     8 |       ||     8
       Ring mail         |       |     8 |     1 ||     9
Dodge: Dodged            |    57 |    42 |     6 ||   105
